[Event "Titled Tuesday Blitz November 29 Late 2022"]
[White "Mahdavi, Reza"]
[Black "Zeman, Matyas"]
[WhiteFideId "12595926"]
[BlackFideId "364398"]
[WhiteElo "2826"]
[BlackElo "2378"]
[Result "1-0"]
[Round "03"]
[TimeControl "180+1"]
[Date "2022.11.30"]
[WhiteClock "0:00:09"]
[BlackClock "0:00:06"]

1. d4 Nf6 2. c4 e6 3. Nf3 d5 4. Nc3 c5 5. cxd5 Nxd5 6. e4 Nxc3 7. bxc3 cxd4 8. cxd4 Bb4+ 9. Bd2 Bxd2+ 10. Qxd2 O-O 11. Bc4 Nd7 12. O-O b6 13. Rad1 Bb7 14. Rfe1 Rc8 15. Bb3 Re8 16. h3 h6 17. Re3 Qc7 18. Qe2 Nf6 19. d5 exd5 20. e5 Ne4 21. Qe1 Rcd8 22. Nd4 a6 23. f3 Nc5 24. Bc2 Ne6 25. Bb1 Qc5 26. Rc3 Qb4 27. a3 Qb2 28. Rb3 Qxd4+ 29. Rxd4 Nxd4 30. Rxb6 Bc8 31. Qd2 Ne6 32. Rd6 Bb7 33. Qd3 g6 34. Qb3 Ba8 35. Rxa6 Nc5 36. Qb5 Nxa6 37. Qxa6 Rxe5 38. Qf6 Ree8 39. Kh2 d4 40. Bd3 Bd5 41. a4 Be6 42. a5 Ra8 43. a6 Ra7 44. Qxd4 Rea8 45. Qf6 Rxa6 46. Bxa6 Rxa6 47. Qd8+ Kh7 48. Qd4 Ra5 49. h4 Rd5 50. Qf6 h5 51. Kg3 Rf5 52. Qe7 Kg7 53. Kf2 Rf6 54. Ke3 Bf5 55. Qd8 Be6 56. Ke4 Rf5 57. g4 Rd5 58. Qb6 hxg4 59. fxg4 Rd1 60. Kf4 Rd5 61. Qb2+ Kg8 62. Qc3 Kh7 63. Qb2 Kg8 64. Qb8+ Kh7 65. Qa7 Kg7 66. Qe3 Kh7 67. Qe2 Kg7 68. h5 gxh5 69. gxh5 Kh7 70. Qe4+ Rf5+ 71. Kg4 Kh6 72. Qe3+ Kh7 73. Kh4 Rf6 74. Qe4+ Rf5 75. Qd3 Kh6 76. Qe3+ Kh7 77. Qd4 Kh6 78. Qh8# 1-0


[Site "https://www.chess.com"]

[Event "Titled Tuesday Blitz November 29 Late 2022"]
[White "Maksimovic, Bojan"]
[Black "Sztokbant, Bernardo Vainzoff"]
[WhiteFideId "14408120"]
[BlackFideId "2115956"]
[WhiteElo "2447"]
[BlackElo "2228"]
[Result "0-1"]
[Round "03"]
[TimeControl "180+1"]
[Date "2022.11.30"]
[WhiteClock "0:00:11"]
[BlackClock "0:00:07"]

1. e4 c5 2. Nf3 e6 3. d4 cxd4 4. Nxd4 Nc6 5. Nc3 Qc7 6. Be3 a6 7. Qf3 Nf6 8. O-O-O Bb4 9. Nxc6 dxc6 10. Bd4 Be7 11. e5 Nd7 12. Ne4 O-O 13. Qg3 c5 14. Bc3 b5 15. Nf6+ Bxf6 16. exf6 Qxg3 17. hxg3 Nxf6 18. Bd3 c4 19. Be2 Bb7 20. f3 Nd5 21. Bd4 f6 22. b3 Rac8 23. Kb2 Rfd8 24. Bf2 h6 25. Rh4 cxb3 26. axb3 Ne7 27. Rhd4 Rxd4 28. Rxd4 Rc7 29. Rd6 Kf7 30. Rd1 Nd5 31. c4 bxc4 32. bxc4 Ne7 33. Kb3 Nc6 34. Bb6 Re7 35. Bc5 Rc7 36. Bb6 Re7 37. c5 Ke8 38. Bc4 Rd7 39. Re1 e5 40. f4 Nd4+ 41. Kc3 e4 42. c6 Bxc6 43. Bxd4 Bd5 44. Bxd5 Rxd5 45. Rxe4+ Kd7 46. Kc4 Ra5 47. Kb4 Ra2 48. Bc5 Kc6 49. Bd4 Rxg2 50. Re7 Kd5 51. Rd7+ Ke4 52. Bc5 Rxg3 53. Rd4+ Kf5 54. Kc4 h5 55. Rd8 h4 56. Rh8 Rg4 57. Kd3 Rxf4 58. Bf8 Rg4 59. Be7 g5 60. Ke3 Re4+ 61. Kf3 Rxe7 62. Kf2 Kg4 63. Ra8 Re5 64. Rxa6 Rf5+ 65. Kg2 h3+ 66. Kh2 Rf2+ 67. Kg1 Rf4 68. Kh2 f5 69. Ra2 Rf3 70. Ra4+ f4 71. Ra2 Rg3 72. Ra5 Rg2+ 73. Kh1 Rb2 74. Ra3 Kh4 75. Ra8 g4 76. Ra4 Kg3 77. Ra1 f3 78. Rg1+ Rg2 79. Rd1 Rh2+ 80. Kg1 f2+ 81. Kf1 Rh1+ 82. Ke2 Rxd1 83. Ke3 f1=Q 84. Ke4 Qe2+ 85. Kf5 Rd5+ 86. Kg6 Qe6+ 87. Kg7 Rd7+ 88. Kh8 Qe8# 0-1


[Site "https://www.chess.com"]

[Event "Titled Tuesday Blitz November 29 Late 2022"]
[White "Marczuk, Dominik"]
[Black "Nugumanov, Bakhtiyar"]
[WhiteFideId "1111264"]
[BlackFideId "13701797"]
[WhiteElo "2153"]
[BlackElo "2287"]
[Result "0-1"]
[Round "03"]
[TimeControl "180+1"]
[Date "2022.11.30"]
[WhiteClock "0:01:04"]
[BlackClock "0:00:59"]

1. e4 c5 2. Nf3 e6 3. d4 cxd4 4. Nxd4 Nf6 5. Nc3 d6 6. Bd3 Be7 7. O-O O-O 8. Be3 Nc6 9. Nb3 a6 10. a4 Bd7 11. h3 Rc8 12. f4 Nb4 13. Be2 e5 14. Bf3 Bc6 15. Nd5 Bxd5 16. exd5 Nxc2 17. Qd2 Nxa1 18. Rxa1 Nd7 19. Bg4 f5 20. Be2 Bf6 21. Rf1 g6 22. a5 Nc5 23. Nxc5 dxc5 24. Bc4 Qd6 25. b3 Rfe8 26. Kh1 Kh8 27. Qf2 exf4 28. Bxf4 Be5 29. Bc1 Bd4 30. Qh4 Re4 31. Qh6 Bg7 32. Qg5 h6 33. Qd2 Rce8 34. Qf2 Bd4 35. Qd2 Bg7 36. Qf2 Kh7 37. Bf4 Be5 38. Bc1 Bd4 39. Qf3 Be3 40. Bb2 Rf4 41. Qd1 Rxf1+ 42. Qxf1 Bd4 43. Bc1 Qe5 44. Bd2 Bc3 45. Bf4 Qe1 46. d6 Qxf1+ 47. Bxf1 Re1 48. Kg1 Bd4+ 49. Kh2 Rxf1 50. d7 Bf6 51. Bd6 Rd1 52. Bxc5 Rxd7 53. Bb6 Be5+ 54. g3 Bc7 55. Kg1 Bxb6+ 56. axb6 Rd6 57. h4 Rxb6 58. h5 Rxb3 59. g4 fxg4 60. hxg6+ Kxg6 61. Kg2 Kg5 62. Kf2 h5 63. Kg2 h4 64. Kg1 h3 65. Kf1 b5 66. Ke2 a5 67. Kd2 a4 68. Kc2 g3 69. Kd2 Kg4 70. Kc1 a3 71. Kc2 Rb2+ 72. Kc3 b4+ 73. Kd4 a2 74. Kc5 h2 75. Kd6 g2 76. Kd7 h1=Q 77. Ke8 g1=Q 78. Kf7 Qh7+ 79. Ke8 a1=Q 80. Kd8 Ra2 81. Kc8 b3 82. Kb8 b2 83. Kc8 b1=Q 84. Kd8 Qb8# 0-1


[Site "https://www.chess.com"]

[Event "Titled Tuesday Blitz November 29 Late 2022"]
[White "Martinez Ramirez, Lennis"]
[Black "Novikova, Galina"]
[WhiteFideId "3509079"]
[BlackFideId "4157095"]
[WhiteElo "2439"]
[BlackElo "1973"]
[Result "1-0"]
[Round "03"]
[TimeControl "180+1"]
[Date "2022.11.30"]
[WhiteClock "0:01:02"]
[BlackClock "0:00:03"]

1. d4 e6 2. e4 d5 3. Nc3 Bb4 4. e5 Ne7 5. a3 Bxc3+ 6. bxc3 c5 7. Nf3 b6 8. a4 Bb7 9. Bb5+ Nd7 10. Ba3 Rc8 11. a5 O-O 12. axb6 axb6 13. O-O Nf5 14. Bd3 Nh4 15. Rb1 Bc6 16. Bc1 Ng6 17. Ng5 Qe7 18. Qh5 h6 19. Nxf7 Qxf7 20. Bxg6 Qe7 21. Be3 b5 22. g4 cxd4 23. cxd4 Nb6 24. g5 Nc4 25. gxh6 Nxe3 26. fxe3 gxh6 27. Qxh6 Qg7 28. Qxg7+ Kxg7 29. Bd3 Rxf1+ 30. Bxf1 Rb8 31. c3 Kg6 32. Bd3+ Kg5 33. Kg2 Kh4 34. Rf1 b4 35. Rf4+ Kg5 36. h4+ Kh5 37. Be2+ Kh6 38. Rf6+ Kg7 39. Rxe6 Bb5 40. Bxb5 Rxb5 41. cxb4 Rxb4 42. h5 Rb3 43. Kf3 Rb2 44. Rd6 Rh2 45. h6+ Kf7 46. Kg3 Rh1 47. Kg2 Rh5 48. h7 Ke7 49. Ra6 Rh6 50. Rxh6 1-0


[Site "https://www.chess.com"]

[Event "Titled Tuesday Blitz November 29 Late 2022"]
[White "Martinez Reyes, Pedro Ramon"]
[Black "Steinberg, Nitzan"]
[WhiteFideId "3901807"]
[BlackFideId "2801795"]
[WhiteElo "2354"]
[BlackElo "2491"]
[Result "1/2-1/2"]
[Round "03"]
[TimeControl "180+1"]
[Date "2022.11.30"]
[WhiteClock "0:00:06"]
[BlackClock "0:00:21"]

1. f4 d5 2. Nf3 g6 3. e3 Bg7 4. Be2 Nh6 5. O-O O-O 6. Qe1 c5 7. d4 Nc6 8. c3 b6 9. Nbd2 Ng4 10. Bb5 Na5 11. Ne5 Nf6 12. Qh4 Bf5 13. g4 Bc2 14. g5 Ne4 15. Nxe4 Bxe4 16. Bd2 a6 17. Be2 Nc4 18. Nxc4 dxc4 19. Bxc4 cxd4 20. exd4 Bxd4+ 21. cxd4 Qxd4+ 22. Qf2 Qxc4 23. Bc3 Rfd8 24. Rfd1 Rd3 25. Rxd3 Qxd3 26. Qd4 Qxd4+ 27. Bxd4 b5 28. Re1 Bd5 29. a3 e6 30. Rc1 Bc4 31. Bf6 Kf8 32. Rd1 Bd5 33. Rc1 Bc4 34. Rd1 Ke8 35. Rd6 Bd5 36. Kf2 Bb7 37. Ke3 Rc8 38. h4 Bc6 39. Kd4 a5 40. Kc5 Bd7+ 41. Kb6 a4 42. Kb7 Rc4 43. Be5 Ke7 44. Rb6 Be8 45. Ka6 Kd8 46. Rb8+ Ke7 47. Rb7+ Bd7 48. Rb6 Rc8 49. Bd6+ Kd8 50. Rb8 Bc6 51. Kb6 Rxb8+ 52. Bxb8 Kd7 53. Be5 Be4 54. Bb8 Bc2 55. Kxb5 Kc8 56. Be5 Kd7 57. Kc5 Bb3 58. Bf6 Bd5 59. Be5 Bb3 60. Bf6 e5 61. Bxe5 Ke6 62. Kd4 Kf5 63. Ke3 Kg4 64. Bg7 Kxh4 65. Bf8 Kg4 66. Bg7 Kf5 67. Bh8 Ke6 68. Bc3 Kf5 69. Bh8 Kg4 70. Bg7 Kh5 71. Ke4 Kg4 72. Ke5 Be6 73. Bf6 Kf3 74. Bg7 Ke2 75. Bh8 Kd3 76. Kd6 Ke4 77. Be5 Kf5 78. Ke7 Kg4 79. Kf6 Kh5 80. Kg7 Kg4 81. Kxh7 Kf5 82. Kg7 Kg4 83. Kf6 Kf3 84. f5 Bxf5 85. Bd6 Be6 86. Be5 Ke4 87. Bc3 Kd3 88. Be5 Kc4 89. Bc3 1/2-1/2


[Site "https://www.chess.com"]

[Event "Titled Tuesday Blitz November 29 Late 2022"]
[White "Mathur, Rithwik"]
[Black "Domingo Nunez, Ruben"]
[WhiteFideId "30913667"]
[BlackFideId "22245570"]
[WhiteElo "2011"]
[BlackElo "2406"]
[Result "0-1"]
[Round "03"]
[TimeControl "180+1"]
[Date "2022.11.30"]
[WhiteClock "0:01:19"]
[BlackClock "0:01:54"]

1. Nf3 g6 2. d4 Bg7 3. g3 Nf6 4. Bg2 O-O 5. O-O d6 6. b3 Nbd7 7. Bb2 c5 8. c4 Rb8 9. Nc3 a6 10. a4 b6 11. d5 Ne8 12. Qc2 Nc7 13. e4 b5 14. axb5 axb5 15. Nxb5 Bxb2 16. Qxb2 Nxb5 17. cxb5 Rxb5 18. Rfc1 Qb6 19. Nd2 Ne5 20. Bf1 Rb4 21. f4 c4+ 22. Kg2 Nd3 23. Bxd3 cxd3 24. Nc4 Rxb3 25. Nxb6 Rxb2+ 0-1


[Site "https://www.chess.com"]

[Event "Titled Tuesday Blitz November 29 Late 2022"]
[White "Mekhitarian, Krikor Sevag"]
[Black "Tan, Ralph"]
[WhiteFideId "2107660"]
[BlackFideId "30966590"]
[WhiteElo "2604"]
[BlackElo "2059"]
[Result "1-0"]
[Round "03"]
[TimeControl "180+1"]
[Date "2022.11.30"]
[WhiteClock "0:01:22"]
[BlackClock "0:00:14"]

1. e4 e6 2. d3 d5 3. Nd2 Nf6 4. g3 Be7 5. Bg2 O-O 6. Ngf3 c5 7. O-O Nc6 8. e5 Nd7 9. Re1 b5 10. h4 a5 11. Nf1 b4 12. N1h2 a4 13. a3 Bb7 14. Ng4 c4 15. d4 c3 16. bxc3 bxa3 17. Ng5 Ba6 18. Bxa3 Nb6 19. Bc1 Bc4 20. Bf1 a3 21. Bxc4 dxc4 22. Ne4 Nd5 23. Qf3 f5 24. exf6 Bxf6 25. Qe2 e5 26. Nexf6+ Nxf6 27. Qxc4+ Kh8 28. Nxe5 Nxe5 29. dxe5 Nh5 30. Qg4 Qe8 31. e6 Nf6 32. Qe2 Qc6 33. Bf4 Nd5 34. Be5 Kg8 35. c4 Nf6 36. e7 Rfe8 37. Bd4 Rac8 38. Rxa3 Qxc4 39. Qxc4+ Rxc4 40. Bxf6 gxf6 41. Re6 Kf7 42. Raa6 Rxc2 43. Rxf6+ Kxe7 44. Rae6+ Kd7 45. Rxe8 Kxe8 46. Kg2 Ke7 47. Rh6 Kf7 48. Rxh7+ Kg6 49. Rd7 Rb2 50. Rd5 Kh6 51. g4 Kg6 52. Kg3 Rb3+ 53. f3 Rb1 54. Rd6+ Kg7 55. g5 Rb4 56. h5 Ra4 57. Rd7+ Kg8 58. f4 Ra3+ 59. Kg4 Ra1 60. g6 Rg1+ 61. Kf5 Rh1 62. Kf6 1-0


[Site "https://www.chess.com"]

[Event "Titled Tuesday Blitz November 29 Late 2022"]
[White "Melikyan, Gnel"]
[Black "Radovanovic, Dusan"]
[WhiteFideId "54109990"]
[BlackFideId "926868"]
[WhiteElo "2138"]
[BlackElo "2341"]
[Result "0-1"]
[Round "03"]
[TimeControl "180+1"]
[Date "2022.11.30"]
[WhiteClock "0:00:09"]
[BlackClock "0:00:06"]

1. d4 Nf6 2. c4 g6 3. Nc3 Bg7 4. e4 d6 5. h3 O-O 6. Be3 e5 7. d5 c6 8. g4 a5 9. Nge2 Na6 10. Ng3 Nc5 11. f3 cxd5 12. cxd5 a4 13. h4 Qa5 14. Qd2 Bd7 15. h5 b5 16. hxg6 fxg6 17. Be2 b4 18. Nd1 Bb5 19. Bxc5 dxc5 20. Ne3 Nd7 21. Rc1 Bxe2 22. Kxe2 Qb5+ 23. Kf2 Nb6 24. Qe2 Qa5 25. Nc4 Nxc4 26. Qxc4 b3 27. axb3 Qd2+ 28. Qe2 Qd4+ 29. Kg2 axb3 30. Rhd1 Qb4 31. d6 Bh6 32. Rc4 Qb5 33. Rc3 Qd7 34. Rxb3 Bf4 35. Qc4+ Kh8 36. Ne2 Bg5 37. Qd5 Bf6 38. Rb7 Qa4 39. Rh1 Bg7 40. Rxg7 Kxg7 41. Qxe5+ Kg8 42. Qd5+ Kg7 43. Qxc5 Qa5 44. Qxa5 Rxa5 45. Nd4 Rb8 46. Ne6+ Kf6 47. Nf4 Rxb2+ 48. Kg3 Raa2 49. Rxh7 g5 50. Nh5+ Kg6 51. Rg7+ Kh6 52. Rxg5 Kxg5 53. f4+ Kg6 54. Kh3 Rb3+ 55. Ng3 Raa3 56. Kh4 Rxg3 57. f5+ Kf6 58. d7 Rh3# 0-1


[Site "https://www.chess.com"]

[Event "Titled Tuesday Blitz November 29 Late 2022"]
[White "Mickiewicz, Piotr"]
[Black "Tirelli, Mauro"]
[WhiteFideId "1114891"]
[BlackFideId "845353"]
[WhiteElo "2246"]
[BlackElo "2166"]
[Result "0-1"]
[Round "03"]
[TimeControl "180+1"]
[Date "2022.11.30"]
[WhiteClock "0:00:13"]
[BlackClock "0:00:11"]

1. e4 c5 2. Nf3 e6 3. c3 d5 4. exd5 Qxd5 5. d4 Nf6 6. Bd3 Nc6 7. O-O cxd4 8. cxd4 Be7 9. Nc3 Qd8 10. a3 O-O 11. Be3 b6 12. Qe2 Bb7 13. Rad1 Qc7 14. Rfe1 Rad8 15. Bb1 Rfe8 16. Ba2 Bf8 17. Bg5 Ne7 18. Bxe6 Bxf3 19. Bxf7+ Kxf7 20. Qe6+ Kg6 21. Bxf6 gxf6 22. Rd3 Nf5 23. Qg8+ Qg7 24. Qxg7+ Kxg7 25. Rxe8 Rxe8 26. gxf3 Bd6 27. Ne4 Bf4 28. d5 Rd8 29. Kg2 Nd6 30. h4 f5 31. Nc3 Be5 32. f4 Bxc3 33. bxc3 Kf6 34. c4 Nxc4 35. a4 Rd6 36. Kf3 Nb2 37. Rd2 Nc4 38. Rd3 Na5 39. Ke3 Nb7 40. Kd4 Nc5 41. Re3 Nxa4 42. Re8 Nc5 43. Rf8+ Kg6 44. Ra8 a5 45. Rg8+ Kf7 46. Rb8 a4 47. Ra8 Rd7 48. Ke5 b5 49. d6 b4 50. Kd5 b3 51. Rb8 a3 52. Kxc5 a2 53. Rxb3 a1=Q 54. Rb8 Qa7+ 55. Kd5 Qxb8 0-1


[Site "https://www.chess.com"]

[Event "Titled Tuesday Blitz November 29 Late 2022"]
[White "Miller, Luke C"]
[Black "Marin Ramirez, Gerardo"]
[WhiteFideId "2096935"]
[BlackFideId "3901068"]
[WhiteElo "2394"]
[BlackElo "2041"]
[Result "1-0"]
[Round "03"]
[TimeControl "180+1"]
[Date "2022.11.30"]
[WhiteClock "0:00:32"]
[BlackClock "0:00:03"]

1. e4 c5 2. Nf3 d6 3. d4 cxd4 4. Nxd4 Nf6 5. Nc3 a6 6. Bg5 e6 7. f4 h6 8. Bh4 Be7 9. Qf3 Qc7 10. O-O-O Nbd7 11. Bxf6 Bxf6 12. g4 g5 13. fxg5 hxg5 14. Bg2 Be5 15. h4 gxh4 16. g5 Qb6 17. g6 Bxd4 18. Qxf7+ Kd8 19. Rxd4 Qxd4 20. g7 Kc7 21. Rd1 Qe5 22. Bh3 Rh7 23. g8=Q Rxf7 24. Qxf7 Qf6 25. Qxe6 Qxe6 26. Bxe6 Nb6 27. Bf5 Bxf5 28. exf5 Rf8 29. Rf1 d5 30. Kd2 Kd6 31. Kd3 Ke5 32. Re1+ Kf4 33. Re6 Nc4 34. Nxd5+ Kxf5 35. Rh6 Ne5+ 36. Kd4 Ng6 37. c4 Kg5 38. Rh7 b5 39. c5 Rf2 40. c6 Rxb2 41. c7 Rc2 42. Nc3 1-0


[Site "https://www.chess.com"]

[Event "Titled Tuesday Blitz November 29 Late 2022"]
[White "Mladenovic, Stefan"]
[Black "Rangel, Daniel"]
[WhiteFideId "942227"]
[BlackFideId "2124475"]
[WhiteElo "2337"]
[BlackElo "2225"]
[Result "1-0"]
[Round "03"]
[TimeControl "180+1"]
[Date "2022.11.30"]
[WhiteClock "0:00:22"]
[BlackClock "0:00:06"]

1. d4 d5 2. Bf4 Nf6 3. e3 g6 4. Nf3 Bg7 5. c4 O-O 6. Nc3 c5 7. dxc5 Qa5 8. Be2 Ne4 9. O-O Nxc3 10. bxc3 dxc4 11. Bxc4 Qxc5 12. Qb3 Nc6 13. Rac1 Na5 14. Qb4 Qxc4 15. Qxa5 b6 16. Qb4 Qxa2 17. Qxe7 Qe6 18. Qh4 Qg4 19. Qe7 Be6 20. Ne5 Qf5 21. Nc6 Bf6 22. Qb4 Rfe8 23. Nd4 Qe4 24. f3 Qb7 25. Nb5 Be7 26. Bd6 a5 27. Qf4 Qc6 28. Bxe7 Qxb5 29. Bf6 Qf5 30. Qh4 h5 31. Bd4 Bd7 32. e4 Qe6 33. Qg5 Kh7 34. Rb1 b5 35. f4 Bc6 36. f5 Qxe4 37. fxg6+ Qxg6 38. Qxg6+ fxg6 39. Rf7+ Kh6 40. Rf6 Re2 41. Rxc6 a4 42. Kf1 Rc2 43. Be3+ Kg7 44. Rxb5 a3 45. Rb7+ Kf8 46. Bc5+ Ke8 47. Re6+ Kd8 48. Bb6+ Kc8 49. Rc7+ Kd8 50. Ra7+ Kc8 51. Re8# 1-0


[Site "https://www.chess.com"]

[Event "Titled Tuesday Blitz November 29 Late 2022"]
[White "Mohammed, Zozek Salah Mohammed"]
[Black "Pap, Gyula"]
[WhiteFideId "4803361"]
[BlackFideId "725323"]
[WhiteElo "2485"]
[BlackElo "2837"]
[Result "0-1"]
[Round "03"]
[TimeControl "180+1"]
[Date "2022.11.30"]
[WhiteClock "0:00:01"]
[BlackClock "0:00:29"]

1. d4 e6 2. Nf3 c5 3. c4 cxd4 4. Nxd4 Nf6 5. g3 Qc7 6. b3 Nc6 7. Bg2 Qe5 8. Bb2 Bc5 9. e3 Bb4+ 10. Nc3 Qa5 11. Qd3 Ne5 12. Qc2 d5 13. O-O dxc4 14. Ncb5 O-O 15. a3 Be7 16. bxc4 a6 17. Nb3 Qa4 18. Nc7 Qxc4 19. Qxc4 Nxc4 20. Nxa8 Nxb2 21. Nb6 e5 22. Na5 Bf5 23. Bxb7 Rb8 24. Nd5 Bd8 25. Nxf6+ gxf6 26. Nc6 Rxb7 27. Nxd8 Rb6 28. f3 Bd3 29. Rfc1 Nc4 30. Rd1 e4 31. fxe4 Bxe4 32. Rd4 Nd6 33. Rad1 Rb2 34. Rxd6 Rg2+ 35. Kf1 Rxh2 36. Nc6 Bf3 37. Rd8+ Kg7 38. R1d2 Rh1+ 39. Kf2 Bxc6 40. R8d6 Bb5 41. e4 Ra1 42. Ke3 Rxa3+ 43. Kf4 Ra1 44. g4 Rf1+ 45. Ke3 Rg1 46. Kf4 h6 47. R6d4 Rf1+ 48. Kg3 a5 0-1


[Site "https://www.chess.com"]

[Event "Titled Tuesday Blitz November 29 Late 2022"]
[White "Nakamura, Hikaru"]
[Black "Gasparyan, David"]
[WhiteFideId "2016192"]
[BlackFideId "13311980"]
[WhiteElo "2909"]
[BlackElo "2355"]
[Result "1-0"]
[Round "03"]
[TimeControl "180+1"]
[Date "2022.11.30"]
[WhiteClock "0:02:31"]
[BlackClock "0:00:47"]

1. Nf3 Nf6 2. g3 c5 3. b3 d6 4. d4 cxd4 5. Nxd4 g6 6. c4 Bg7 7. Bb2 O-O 8. Bg2 d5 9. O-O Nc6 10. cxd5 Nxd5 11. Nxc6 bxc6 12. Bxg7 Kxg7 13. Qc1 Qb6 14. Nc3 Bb7 15. Na4 Qb5 16. Nc5 Rab8 17. e4 Nb6 18. a4 Qb4 19. a5 Na8 20. Ra4 Qb5 21. Qc3+ Kg8 22. Rc1 Rfd8 23. Bf1 Ba6 24. Nxa6 Qh5 25. Nxb8 Rxb8 26. Qxc6 Rd8 27. b4 Qg5 28. b5 h5 29. h4 Qd2 30. b6 axb6 31. axb6 Nxb6 32. Qxb6 1-0


[Site "https://www.chess.com"]

[Event "Titled Tuesday Blitz November 29 Late 2022"]
[White "Nasuta, Grzegorz"]
[Black "Perez Rodriguez, Jennifer"]
[WhiteFideId "1141686"]
[BlackFideId "3507831"]
[WhiteElo "2440"]
[BlackElo "2170"]
[Result "1-0"]
[Round "03"]
[TimeControl "180+1"]
[Date "2022.11.30"]
[WhiteClock "0:00:10"]
[BlackClock "0:00:14"]

1. e4 e5 2. Nf3 Nc6 3. d4 exd4 4. Nxd4 Bb4+ 5. c3 Bc5 6. Be3 Bb6 7. Nf5 Bxe3 8. Nxe3 Nge7 9. g3 O-O 10. Bg2 d6 11. O-O Kh8 12. c4 f5 13. exf5 Nxf5 14. Nxf5 Bxf5 15. Nc3 Qd7 16. Nd5 Rf7 17. b3 Raf8 18. f4 Bh3 19. Re1 Bxg2 20. Kxg2 Ne7 21. Re3 Nxd5 22. Qxd5 c6 23. Qe6 Qxe6 24. Rxe6 Rd7 25. Rd1 Rfd8 26. Kf3 Kg8 27. f5 Kf7 28. g4 d5 29. c5 d4 30. Rd3 a5 31. Ke4 Rd5 32. Re5 R5d7 33. h4 h6 34. g5 hxg5 35. hxg5 Rh8 36. g6+ Kf8 37. Kf4 Rh2 38. a4 Rf2+ 39. Kg3 Rf1 40. Kg4 Rg1+ 41. Kf4 Rf1+ 42. Kg3 Rg1+ 43. Kf2 Rg4 44. Rh3 Rf4+ 45. Kg3 Rxf5 46. Rh8# 1-0


[Site "https://www.chess.com"]

[Event "Titled Tuesday Blitz November 29 Late 2022"]
[White "Necromon"]
[Black "Mgeladze, Tamaz"]
[BlackFideId "13601202"]
[WhiteElo "2475"]
[BlackElo "2288"]
[Result "1/2-1/2"]
[Round "03"]
[TimeControl "180+1"]
[Date "2022.11.30"]
[WhiteClock "0:00:07"]
[BlackClock "0:00:08"]

1. Nf3 Nf6 2. g3 c5 3. b3 g6 4. Bb2 Bg7 5. Bg2 O-O 6. O-O Nc6 7. c4 d6 8. d4 cxd4 9. Nxd4 Bd7 10. Nc3 Qa5 11. Nc2 Rfc8 12. Qd2 Qh5 13. Ne3 Bh3 14. Ncd5 Nxd5 15. Nxd5 Bxg2 16. Kxg2 Rab8 17. Rac1 Bxb2 18. Qxb2 b5 19. Qd2 Qe5 20. Rfd1 e6 21. cxb5 Rxb5 22. Rxc6 Rxc6 23. Ne7+ Kg7 24. Nxc6 Qe4+ 25. Kg1 Qxc6 26. Qxd6 Qc2 27. Rd2 Qb1+ 28. Kg2 Qe4+ 29. f3 Qf5 30. e4 Qf6 31. Qd4 e5 32. Qxa7 h5 33. Qe3 h4 34. a4 Rb7 35. Qc3 h3+ 36. Kxh3 Qe6+ 37. Kg2 Rxb3 38. Qc2 Ra3 39. Rd5 Qf6 40. Rd3 Ra1 41. Rc3 Qb6 42. Rc5 Qe6 43. Rd5 g5 44. Qb2 Rxa4 45. Rxe5 Ra2 46. Rxg5+ Kh6 47. Rb5 Rxb2+ 48. Rxb2 Qe5 49. Rf2 Qd4 50. Re2 Kg7 51. Rf2 Qd3 52. e5 Qd1 53. f4 Qe1 54. h4 Qe4+ 55. Kh2 Kh6 56. g4 Qe3 57. Kg2 Qe1 58. Kg3 Qg1+ 59. Kf3 Qh1+ 60. Kg3 Kg7 61. f5 Qg1+ 62. Kf3 Qa1 63. e6 fxe6 64. fxe6 Qc3+ 65. Kg2 Qc6+ 66. Kg3 Qxe6 67. Rf5 Qe3+ 68. Kg2 Qc1 69. h5 Qd1 70. Kg3 Qe1+ 71. Kh3 Qg1 72. Kh4 Qh2+ 73. Kg5 Qd2+ 74. Kh4 Qg2 75. Rg5+ Kh6 76. Rg6+ Kh7 77. g5 Qf3 78. Rf6 Qe4+ 79. Kg3 Qd4 80. h6 Qd3+ 81. Kg4 Qd5 82. Kh4 Kg8 83. Kh5 Qh1+ 84. Kg4 Qb1 85. g6 Qe4+ 86. Kg5 Qe3+ 87. Kf5 Qxh6 88. Rf7 Qh3+ 89. Kg5 Qg3+ 90. Kf5 Qh4 91. Rh7 Qf2+ 92. Kg5 Qe3+ 93. Kf5 Qd4 94. Rf7 Qd5+ 95. Kf6 Qd4+ 96. Kf5 Qc3 97. Rh7 Qc5+ 98. Kf6 Qd6+ 99. Kf5 Qc6 100. Rf7 Qf3+ 101. Kg5 Qg3+ 102. Kf5 Qh4 103. Rh7 Qf2+ 104. Kg5 Qd4 105. Rf7 Qe5+ 106. Kh6 Qe4 107. Kg5 Qe3+ 108. Kf5 Qd2 109. Rh7 Kf8 110. Kf6 Qf4+ 111. Ke6 Kg8 112. Rf7 Qd4 113. Kf5 1/2-1/2


[Site "https://www.chess.com"]

[Event "Titled Tuesday Blitz November 29 Late 2022"]
[White "O`Gorman, Tom"]
[Black "Schuster, Karsten"]
[WhiteFideId "2508249"]
[BlackFideId "4611071"]
[WhiteElo "2271"]
[BlackElo "2294"]
[Result "1-0"]
[Round "03"]
[TimeControl "180+1"]
[Date "2022.11.30"]
[WhiteClock "0:01:01"]
[BlackClock "0:00:48"]

1. e4 c6 2. Nc3 d5 3. d4 dxe4 4. Nxe4 Bf5 5. Ng3 Bg6 6. h4 h6 7. Nh3 e6 8. Nf4 Bh7 9. Bc4 Bd6 10. Ngh5 Bxf4 11. Bxf4 Qa5+ 12. Bd2 Qb6 13. Nxg7+ Kf8 14. Nh5 Nd7 15. Qe2 Ngf6 16. Bxh6+ Ke8 17. Nxf6+ Nxf6 18. Bg7 Ke7 19. Bxh8 Rxh8 20. O-O-O Rd8 21. Qe3 Nd5 22. Bxd5 Rxd5 23. g4 Rb5 24. f4 Ke8 25. b3 Qa5 26. a4 Rd5 27. f5 Ke7 28. Rhe1 Rd6 29. Qg5+ Kf8 30. Qh6+ Kg8 31. f6 1-0


[Site "https://www.chess.com"]

[Event "Titled Tuesday Blitz November 29 Late 2022"]
[White "Obrien, Matthew"]
[Black "Kamsky, Gata"]
[WhiteFideId "2059150"]
[BlackFideId "2000024"]
[WhiteElo "2618"]
[BlackElo "2893"]
[Result "0-1"]
[Round "03"]
[TimeControl "180+1"]
[Date "2022.11.30"]
[WhiteClock "0:01:29"]
[BlackClock "0:01:52"]

1. e4 c5 2. Nf3 e6 3. d4 cxd4 4. Nxd4 a6 5. Nc3 b5 6. Bd3 Qb6 7. Nb3 Nc6 8. Be3 Qc7 9. O-O Nf6 10. f4 d6 11. a4 b4 12. Ne2 Ng4 13. Qd2 Nxe3 14. Qxe3 Qa7 15. Qxa7 Rxa7 16. a5 Be7 17. Ned4 Nxd4 18. Nxd4 Bd7 19. Nf3 O-O 20. e5 Bc6 21. exd6 Bxd6 22. Ne5 Bd5 23. b3 g6 24. Nd7 0-1


[Site "https://www.chess.com"]

[Event "Titled Tuesday Blitz November 29 Late 2022"]
[White "Olafsson, Helgi"]
[Black "Bas Mas, Jose Joaquin"]
[WhiteFideId "2300010"]
[BlackFideId "22219064"]
[WhiteElo "2463"]
[BlackElo "2233"]
[Result "1-0"]
[Round "03"]
[TimeControl "180+1"]
[Date "2022.11.30"]
[WhiteClock "0:00:19"]
[BlackClock "0:00:08"]

1. Nf3 c5 2. c4 g6 3. Nc3 Bg7 4. g3 Nc6 5. Bg2 d6 6. O-O h5 7. h4 Nf6 8. d4 cxd4 9. Nxd4 Bd7 10. Bg5 Qc8 11. Rc1 Bh3 12. e3 Bxg2 13. Kxg2 Ne5 14. b3 O-O 15. Bxf6 Bxf6 16. Nd5 Kg7 17. e4 Nc6 18. Ne2 Qd7 19. Qd2 Rad8 20. Nef4 Be5 21. Nd3 f5 22. Rce1 fxe4 23. Rxe4 Qf5 24. Qe3 e6 25. Nc7 Rd7 26. Nb5 a6 27. Nxe5 dxe5 28. Nc3 Rfd8 29. Qe1 Rd3 30. Re3 Nb4 31. Rxd3 Rxd3 32. Ne4 Nc6 33. Qe2 Rd4 34. Ng5 e4 35. Re1 Ne5 36. Qb2 Nc6 37. Rxe4 Qc5 38. Nxe6+ 1-0


[Site "https://www.chess.com"]

[Event "Titled Tuesday Blitz November 29 Late 2022"]
[White "Pace, Christopher"]
[Black "Janaszak, Dawid"]
[WhiteFideId "2610167"]
[BlackFideId "1119206"]
[WhiteElo "2309"]
[BlackElo "2226"]
[Result "0-1"]
[Round "03"]
[TimeControl "180+1"]
[Date "2022.11.30"]
[WhiteClock "0:00:19"]
[BlackClock "0:01:01"]

1. e4 c5 2. Nf3 Nc6 3. d4 cxd4 4. Nxd4 g6 5. Nc3 Bg7 6. Be3 Nf6 7. f3 O-O 8. Qd2 d5 9. Nxc6 bxc6 10. O-O-O Be6 11. g4 Qa5 12. Bd4 dxe4 13. g5 Nh5 14. Bxg7 Nxg7 15. fxe4 Bxa2 16. h4 Rad8 17. Bd3 Bc4 18. Kb1 Rd6 19. Nd5 Qa2+ 0-1


[Site "https://www.chess.com"]

[Event "Titled Tuesday Blitz November 29 Late 2022"]
[White "Papp, Petra"]
[Black "Bazzano, Sebastian"]
[WhiteFideId "739049"]
[BlackFideId "104566"]
[WhiteElo "2259"]
[BlackElo "2188"]
[Result "1-0"]
[Round "03"]
[TimeControl "180+1"]
[Date "2022.11.30"]
[WhiteClock "0:00:49"]
[BlackClock "0:00:03"]

1. e4 e6 2. d3 c5 3. Nd2 Nc6 4. Ngf3 g6 5. g3 Bg7 6. Bg2 Nge7 7. O-O O-O 8. Re1 e5 9. Nc4 d6 10. c3 b5 11. Ne3 Bb7 12. a4 a6 13. Qb3 Na5 14. Qc2 b4 15. Bd2 Rc8 16. Rac1 b3 17. Qd1 Qb6 18. Nc4 Nxc4 19. dxc4 f5 20. Ng5 fxe4 21. Bxe4 Bxe4 22. Nxe4 Nf5 23. Bg5 h6 24. Qd5+ Kh7 25. Be3 Nxe3 26. Rxe3 Rcd8 27. Rd1 Qa5 28. Red3 Qxa4 29. Nxd6 Rf6 30. Qb7 1-0


[Site "https://www.chess.com"]